 Dungeon Crawl Stone Soup version 0.26.1-10-gdfb7c7de75 (webtiles) character file.

Game seed: 4068550350616103963

9776 infcreate the Covert (level 11, 0/63 HPs)
             Began as a Vampire Enchanter on Apr 6, 2021.
             Was a Priest of Dithmenos.
             Slain by a death scarab (14 damage)
             ... in a Gauntlet.
             The game lasted 01:07:18 (15042 turns).

infcreate the Covert (Vampire Enchanter)           Turns: 15042, Time: 01:07:20

Health: 0/63       AC:  8    Str: 13    XL:     11   Next: 27%
Magic:  16/19      EV: 18    Int: 23    God:    Dithmenos [***...]
Gold:   715        SH:  0    Dex: 17    Spells: 9/21 levels left

rFire    + + .     SeeInvis +   a - +2 dagger
rCold    + + .     Faith    .   (no shield)
rNeg     + + +     Spirit   .   b - +0 robe
rPois    ∞         Reflect  .   i - +1 helmet
rElec    .         Harm     .   (no cloak)
rCorr    .         Rampage  .   d - +0 pair of gloves
Will     +....     NoTele   +   s - +2 pair of boots Stlth **++++++++
                                A - amulet of the acrobat
HPRegen  0.00/turn              S - +6 ring of strength
MPRegen  0.16/turn              z - ring of Tulips {*Tele rPois rF++ Int+4 Stlth+}

@: confusing touch, bloodless, slowed, wreathed by umbra, very slow
A: fangs 3, see invisible, unbreathing
a: Bat Form, Revivify, Renounce Religion, Shadow Step


You were in a Gauntlet.
You worshipped Dithmenos.
Dithmenos was most pleased with you.
You visited 2 branches of the dungeon, and saw 12 of its levels.
You also visited: Ossuary and Gauntlet.

You collected 715 gold pieces.


Innate Abilities, Weirdness & Mutations

You do not regenerate when monsters are visible.
You are frail without blood (-20% HP).
You can heal yourself when you bite living creatures.
You are immune to poison.
You have razor-sharp teeth.
You have supernaturally acute eyesight. (SInv)
You can survive without breathing.


   Skills:
 + Level 5.0 Fighting
 * Level 8.8 Short Blades
 * Level 8.9 Dodging
 * Level 12.8 Stealth
 + Level 5.5 Spellcasting
 * Level 11.9 Hexes


You had 9 spell levels left.
You knew the following spells:

 Your Spells              Type           Power        Failure   Level
c - Corona                Hex            63%          1%          1
d - Tukima's Dance        Hex            57%          1%          3
e - Ensorcelled Hibernat  Hex/Ice        66%          1%          2
f - Dazzling Flash        Conj/Hex       66%          2%          3
t - Confusing Touch       Hex            57%          1%          3

Your spell library contained the following spells:

 Spells                   Type           Power        Failure   Level
 Fulminant Prism          Conj/Hex       16%          8%          4
 Magic Dart               Conj           24%          9%          1
 Searing Ray              Conj           12%          14%         2
 Metabolic Englaciation   Hex/Ice        16%          22%         5
 Yara's Violent Unravell  Hex/Tmut       16%          22%         5
 Gell's Gravitas          Tloc           3%           26%         3
 Iskenderun's Mystic Bla  Conj/Tloc      6%           65%         4
 Petrify                  Tmut/Erth      6%           65%         4

Inventory:

Hand Weapons
 a - a +2 dagger (weapon)
 e - a +4 short sword
Armour
 b - a +0 robe (worn)
 d - a +0 pair of gloves (worn)
 i - a +1 helmet (worn)
 s - a +2 pair of boots (worn)
Jewellery
 z - the ring of Tulips (right hand) {*Tele rPois rF++ Int+4 Stlth+}
   (You found it on level 6 of the Dungeon)

   [ring of teleportation]

   It may teleport you next to monsters.
   It affects your intelligence (+4).
   It greatly protects you from fire.
   It protects you from poison.
   It makes you more stealthy.
 A - an amulet of the acrobat (around neck)
 C - an uncursed ring of protection from cold
 F - an uncursed ring of protection from fire
 S - a +6 ring of strength (left hand)
Wands
 j - a wand of paralysis (8)
 t - a wand of flame (23)
 B - a wand of polymorph (10)
 H - a wand of digging (4)
Scrolls
 l - 4 scrolls of remove curse {@r2}
 n - a scroll of teleportation {@r4}
 q - 2 scrolls of amnesia
 r - 3 scrolls of identify {@r1}
 u - 2 scrolls of enchant weapon
 v - a scroll of immolation
 w - a scroll of blinking
 y - a scroll of fog
 G - 4 scrolls of enchant armour
Potions
 c - 2 potions of haste {unknown}
 f - 3 potions of lignification
 g - 7 potions of curing {@q1}
 h - a potion of mutation {unknown}
 k - 4 potions of attraction
 m - 2 potions of might {unknown}
 o - 4 potions of degeneration
 p - a potion of flight {unknown}
 x - 2 potions of resistance {unknown}
 E - 3 potions of brilliance
 I - 2 potions of cancellation {unknown}
Miscellaneous
 D - a condenser vane

Dungeon Overview and Level Annotations

Branches:
Dungeon (11/15)            Temple (1/1) D:4            Lair (0/6) D:8
Ossuary (visited)         Gauntlet (1/1)
    Orc: D:9-12

Altars:
Ashenzari
Cheibriados
Dithmenos
Elyvilon
Fedhas
Gozag
Hepliaklqana
Kikubaaqudgha
Makhleb
Nemelex Xobeh
Okawaru
Qazlal
Ru
Sif Muna
Trog
Uskayaw
Vehumet
Wu Jian
Xom
Yredelemnul
Zin
The Shining One

Shops:
D:8 ?   D:9 =

Annotations:
D:8 1 runed translucent door, sixsigma's ghost, novice MiFi Gauntlet 13 transporters

▒▒▒▒▒▒▒▒▒▒..▒...........§▒
.......yy▒..▒▒▒▒▒▒▒▒▒..§▒▒
...▒▒▒...▒..▒.......▒.∩.≈▒
)...#....▒..▒#Z.##..▒...▒▒
.▒..#..▒.▒..▒##..##.▒...≈▒
©.#####▒.▒©©▒©##©.##▒©8.▒▒
!▒..#©.▒.▒..▒".##..#▒...§▒
....#....▒..▒.!.##..▒...▒▒
...▒▒▒.y.▒..▒...@B..▒.∩.≈▒
y........▒..▒▒▒▒▒▒▒▒▒...▒▒
▒▒▒▒▒▒▒▒▒▒..▒...........≈▒
.........▒..▒▒▒▒▒▒▒▒▒..▒▒▒
...§.....▒..▒G##©...▒..≈▒
..▒▒§▒▒..▒..▒..▒▒..#▒..▒▒
..≈▒▒▒≈..▒..▒?G.#.▒#▒..≈▒
..▒▒ ▒▒..▒.©▒©▒#G#▒.▒©.▒▒
..≈▒ ▒§..▒..▒#▒G#G..▒..≈▒


You could see a death scarab and a golden eye.


Message History

Found a glittering turquoise ring.
Found a transporter.
Found a glowing halberd.
The hornet buzzes angrily.
You hear an angry buzzing noise.
Found 18 gold pieces and a scroll of remove curse.
Found a transporter.
The flying skull gives a hideous shriek!
Found a transporter.
There is a transporter here.
The flying skull gives a hideous shriek!
Partly explored, unvisited transporter.
Partly explored, unvisited transporter.
There is a gate leading back out of this place here.
There is a transporter here.
You enter the transporter and appear at another place.
The death scarab completely misses you. The death scarab completely misses you.
Casting: Confusing Touch (safe; 1% risk of failure)
Confirm with . or Enter, or press ? or * to list all spells.
Your hands begin to glow red.
The death scarab bites you!! The death scarab drains your vigour!
You feel yourself slow down. The death scarab closely misses you.
You hit the death scarab but do no damage.
The death scarab bites you!!
* * * LOW HITPOINT WARNING * * *
The death scarab drains your vigour!
You feel as though you will be slow longer.
The death scarab bites you!
You die...

Skill      XL: |  1  2  3  4  5  6  7  8  9 10 11 |
---------------+----------------------------------+-----
Stealth        | 5 6 7 9 10 12 | 12.8
Hexes          | 5 6 7 8 10 11 | 11.9
Short Blades   | 2 3 4 5 7 8 |  8.8
Fighting       | 1 2 3 4 5 |  5.0
Dodging        | 3 4 5 7 8 |  8.9
Spellcasting   | 3 4 5 |  5.5

Action                   |  1- 3 |  4- 6 |  7- 9 | 10-12 || total
-------------------------+-------+-------+-------+-------++-------
Melee: Dagger            |   113 |   131 |   309 |   286 ||   839
       Bite              |     7 |    18 |    53 |    38 ||   116
       Short sword       |    14 |    19 |    92 |       ||   125
 Cast: Corona            |    18 |     5 |     2 |       ||    25
       Ensorcelled Hiber |    23 |    61 |    71 |    29 ||   184
       Confusing Touch   |       |    15 |    29 |    35 ||    79
       Dazzling Flash    |       |       |     1 |       ||     1
Invok: Shadow Step       |       |       |       |     1 ||     1
 Abil: Exsanguinate      |     1 |       |       |       ||     1
  Use: Scroll            |       |     2 |    13 |     7 ||    22
 Stab: Sleeping          |    26 |    39 |    71 |    43 ||   179
       Distracted        |       |     2 |     2 |       ||     4
       Confused          |       |     9 |    30 |    33 ||    72
       Invisible         |       |       |     1 |       ||     1
Armor: Robe              |    31 |    20 |    43 |    25 ||   119
Dodge: Dodged            |    86 |    61 |   197 |   153 ||   497

Levels and vault maps discovered:
D:1:      sevenhm_arrival_forest_fort_small_4, layout_basic,
          minmay_misc_feat_doors, minmay_tree_intersection
D:2:      layout_basic, chequers_ecumenical_altar_island, xom_redecorated
D:3:      layout_loops_cross, nicolae_overflow_hidden_temple
D:4:      layout_rooms, lemuel_crystal_altar, nicolae_overflow_crystal_walls,
          minmay_temple_entry_sparse_star, dk_vineyard_3, tgw_kikubaaqudgha
D:5:      wander_guarded_unrand_ratskin, layout_loops_ring, tso_altar,
          lemuel_coloured_pillars_altar, guppyfry_early_lair_pool, uniq_grinder,
          uniq_edmund, uniq_sigmund
D:6:      layout_loops_corners, ashenzari_altar_1, uniq_eustachio
D:7:      layout_basic, nicolae_overflow_quartered_altars, lemuel_doored_altar,
          basic_altar
D:8:      layout_basic, grunt_lair_entry_orc_guard_hut, serial_shops,
          kennysheep_little_box, gammafunk_ghost_grave,
          chequers_ossuary_entry_cave
D:9:      layout_rooms, nzn_hepliaklqana_mist_gate, basic_altar, serial_shops,
          kennysheep_mini
D:10:     layout_small_grid, minivault_4, uniq_gastronok
D:11:     layout_irregular_city, erik_orc_1, gauntlet_entry_generic
Temple:   compressed_dpeg_circular_temple
Gauntlet: gammafunk_gauntlet_mixed_choke_point [minmay_gauntlet_arena_77_fan,
          minmay_gauntlet_arena_77_two_lines,
          minmay_gauntlet_arena_77_block_sizes, nicolae_gauntlet_arena_t_cross,
          minmay_gauntlet_arena_77_braids, minmay_gauntlet_arena_77_checkered,
          minmay_gauntlet_arena_77_radiant_squares, gauntlet_exit_watery]

Notes
Turn   | Place    | Note
-------+----------+-------------------------------------------
     0 | D:1      | infcreate the Vampire Enchanter began the quest for the
                  | Orb.
     0 | D:1      | Reached XP level 1. HP: 13/13 MP: 3/3
   191 | D:1      | Reached XP level 2. HP: 11/15 MP: 3/5
   424 | D:1      | Learned a level 2 spell: Ensorcelled Hibernation
   971 | D:1      | Reached XP level 3. HP: 16/20 MP: 2/6
  1178 | D:1      | Reached skill level 5 in Stealth
  1317 | D:1      | Reached skill level 5 in Hexes
  1436 | D:2      | Found a shimmering altar of Xom.
  1436 | D:2      | Found a shimmering altar of Xom.
  1436 | D:2      | Found a shimmering altar of Xom.
  1437 | D:2      | Found a shimmering altar of Xom.
  1638 | D:2      | Learned a level 3 spell: Confusing Touch
  1638 | D:2      | Found a shimmering altar of Xom.
  2240 | D:2      | Reached skill level 2 in Short Blades
  2439 | D:2      | Found a faded altar of an unknown god.
  2443 | D:2      | Reached XP level 4. HP: 24/24 MP: 4/7
  3116 | D:3      | Found a shimmering blue altar of Sif Muna.
  3279 | D:2      | Reached skill level 1 in Fighting
  3450 | D:3      | Reached skill level 3 in Dodging
  3460 | D:3      | Reached XP level 5. HP: 29/29 MP: 0/8
  4899 | D:3      | Reached skill level 3 in Short Blades
  4899 | D:3      | Reached skill level 6 in Stealth
  4901 | D:3      | Reached skill level 6 in Hexes
  5307 | D:4      | Found an ancient bone altar of Kikubaaqudgha.
  5365 | D:4      | Noticed a human
  5368 | D:4      | Killed a human
  5376 | D:4      | Reached XP level 6. HP: 34/34 MP: 9/9
  5515 | D:4      | Found an ornate altar of the Wu Jian Council.
  5614 | D:4      | Found a staircase to the Ecumenical Temple.
  5623 | Temple   | Entered the Ecumenical Temple
  5801 | D:4      | Found an iron altar of Okawaru.
  6241 | D:5      | Entered Level 5 of the Dungeon
  6249 | D:5      | Noticed Sigmund
  6252 | D:5      | Noticed Edmund
  6279 | D:5      | Reached XP level 7. HP: 39/39 MP: 3/11
  6591 | D:5      | Killed Edmund
  6592 | D:5      | Reached skill level 2 in Fighting
  6592 | D:5      | Reached skill level 4 in Dodging
  6592 | D:5      | Reached skill level 7 in Stealth
  6867 | D:5      | Killed Sigmund
  6868 | D:5      | Reached skill level 4 in Short Blades
  6868 | D:5      | Reached skill level 3 in Spellcasting
  6868 | D:5      | Reached skill level 7 in Hexes
  6888 | D:5      | Noticed Grinder
  6916 | D:5      | Paralysed by Grinder for 5 turns
  6934 | D:5      | Killed Grinder
  6935 | D:5      | Reached XP level 8. HP: 34/45 MP: 9/12
  7011 | D:5      | Learned a level 3 spell: Tukima's Dance
  7015 | D:5      | Learned a level 3 spell: Dazzling Flash
  7057 | D:5      | Found a glowing golden altar of the Shining One.
  7340 | D:5      | Reached skill level 5 in Dodging
  7340 | D:5      | Reached skill level 8 in Stealth
  7532 | D:4      | Reached skill level 5 in Short Blades
  7532 | D:4      | Reached skill level 8 in Hexes
  7936 | D:5      | Found the +2 ratskin cloak {*Rats rPois rN+ Str-1 Int-1
                  | Dex+1}
  8033 | D:5      | Found a radiant altar of Vehumet.
  8199 | D:6      | Found a broken altar of Ashenzari.
  8616 | D:6      | Reached skill level 3 in Fighting
  8616 | D:6      | Reached skill level 9 in Stealth
  8780 | D:6      | Noticed Eustachio
  8966 | D:6      | Killed Eustachio
  8967 | D:6      | Reached XP level 9. HP: 50/50 MP: 11/14
  8972 | D:6      | Got a clouded ivory ring
  8973 | D:6      | Identified the ring of Tulips {*Tele rPois rF++ Int+4
                  | Stlth+} (You found it on level 6 of the Dungeon)
  9127 | D:6      | Reached skill level 6 in Dodging
  9268 | D:7      | Reached skill level 9 in Hexes
  9318 | D:7      | Found a sparkling altar of Nemelex Xobeh.
  9326 | D:7      | Reached skill level 4 in Spellcasting
  9410 | D:7      | Reached skill level 6 in Short Blades
  9607 | D:7      | Found a snail-covered altar of Cheibriados.
  9653 | D:7      | Reached skill level 10 in Stealth
  9884 | D:7      | Found a glowing silver altar of Zin.
  9895 | D:7      | Found a hide-covered altar of Uskayaw.
  9914 | D:7      | Found an ancient bone altar of Kikubaaqudgha.
 10196 | D:7      | Found a shadowy altar of Dithmenos.
 10200 | D:7      | Became a worshipper of Dithmenos the Shadowed
 10285 | D:8      | Found Bikliur's Magic Scroll Shoppe.
 10456 | D:8      | Found a sand-covered staircase.
 10464 | Ossuary  | Entered an ossuary
 10604 | Ossuary  | Reached * piety under Dithmenos
 10947 | D:8      | Reached skill level 10 in Hexes
 10950 | D:8      | Reached skill level 7 in Dodging
 11212 | D:8      | Reached ** piety under Dithmenos
 11217 | D:8      | Reached skill level 7 in Short Blades
 11292 | D:8      | Reached XP level 10. HP: 56/56 MP: 16/16
 11315 | D:8      | Found a staircase to the Lair.
 11483 | D:8      | Found a runed translucent door.
 11483 | D:8      | Noticed sixsigma's ghost (novice MiFi)
 11522 | D:8      | Reached skill level 11 in Stealth
 11707 | D:8      | Reached skill level 4 in Fighting
 12078 | D:9      | Found Rellok's Jewellery Emporium.
 12940 | D:9      | Found a bloodstained altar of Trog.
 13022 | D:9      | Found a hazy altar of Hepliaklqana.
 13257 | D:10     | Entered Level 10 of the Dungeon
 13290 | D:10     | Reached *** piety under Dithmenos
 13291 | D:10     | Reached skill level 5 in Spellcasting
 13291 | D:10     | Reached skill level 11 in Hexes
 13352 | D:10     | Reached skill level 8 in Dodging
 13496 | D:10     | Reached skill level 12 in Stealth
 13520 | D:10     | Noticed Gastronok
 13545 | D:10     | Identified the +2 chain mail of Duodd {rN+ Will+}
 13557 | D:10     | Reached skill level 8 in Short Blades
 14136 | D:10     | Killed Gastronok
 14137 | D:10     | Reached XP level 11. HP: 8/62 MP: 16/19
 14725 | D:11     | Reached skill level 5 in Fighting
 14864 | D:11     | Found a gate leading to a gauntlet.
 14871 | Gauntlet | Entered a Gauntlet
 14871 | Gauntlet | Found a transporter.
 14871 | Gauntlet | Found a transporter.
 14871 | Gauntlet | Noticed a death scarab
 14874 | Gauntlet | Found a transporter.
 14874 | Gauntlet | Found a transporter.
 14893 | Gauntlet | Found a transporter.
 14924 | Gauntlet | Found a transporter.
 14926 | Gauntlet | Found a transporter.
 14926 | Gauntlet | Found a transporter.
 14929 | Gauntlet | Noticed a hell hog
 14938 | Gauntlet | Found a transporter.
 14945 | Gauntlet | Found the +7 Spriggan's Knife {stab, EV+4 Stlth+}
 14952 | Gauntlet | Noticed a green death
 14954 | Gauntlet | Found a transporter.
 14958 | Gauntlet | Found the -2 hat of the Alchemist {rElec rPois rF+ rC+ rN+
                  | Will+ rMut rCorr}
 14961 | Gauntlet | Found a transporter.
 14966 | Gauntlet | Noticed a blizzard demon
 14978 | Gauntlet | Found a transporter.
 14998 | Gauntlet | Found a transporter.
 15010 | Gauntlet | Found a transporter.
 15042 | Gauntlet | Slain by a death scarab

Vanquished Creatures
  Gastronok (D:10)
  2 centaur skeletons (D:10)
  3 trolls (D:10)
  Grinder (D:5)
  2 hornets
  Sigmund (D:5)
  A vampire (D:9)
  6 yaks
  Eustachio (D:6)
  Edmund (D:5)
  A black bear (D:6)
  2 ice beasts
  2 sky beasts
  5 orc warriors
  3 phantoms
  4 ogres
  3 centaurs
  A big kobold (D:6)
  An elf zombie (Ossuary)
  8 bullfrogs
  2 scorpions
  2 wyvern skeletons
  10 wights
  4 howler monkeys
  A centaur zombie (D:9)
  3 jellies
  6 hounds
  9 orc priests
  11 orc wizards
  A hell rat (D:5)
  4 iguanas
  9 worker ants
  A big kobold zombie (Ossuary)
  2 hound zombies
  2 mummies (Ossuary)
  2 worker ant zombies
  A howler monkey skeleton (D:6)
  10 adders
  10 gnolls
  6 river rats (D:5)
  3 shadow imps
  3 white imps
  An ufetubus (D:10)
  An adder zombie (Ossuary)
  2 adder skeletons
  3 worms
  2 dart slugs (D:1)
  10 leopard geckos
  37 orcs
  5 ball pythons
  8 giant cockroaches
  14 goblins
  8 hobgoblins
  12 jackals
  4 quokkas
  13 bats
  4 frilled lizards
  2 goblin zombies (Ossuary)
  5 hobgoblin zombies (Ossuary)
  2 jackal zombies
  15 kobolds
  13 kobold zombies (Ossuary)
  8 orc zombies (Ossuary)
  A quokka zombie (D:9)
  20 rats
  3 rat zombies (Ossuary)
344 creatures vanquished.

Vanquished Creatures (others)
  A human (D:4)
  10 fungi (D:8)
  23 plants
34 creatures vanquished.

Grand Total: 378 creatures vanquished

Table legend: (Time is in decaauts)
 A = Elapsed time spent in this place.
 B = Non-inter-level travel time spent in this place.
 C = Inter-level travel time spent in this place.
 D = Time resting spent in this place.
 E = Time spent auto-exploring this place.
 F = Levels seen in this place.
 G = Mean time per level.
                   A        B        C        D        E       F      G
               +--------+--------+--------+--------+--------+-----+--------+
         Total |  14824 |  12835 |   1989 |   5331 |    315 |  14 | 1058.9 |
       Dungeon |  14148 |  12166 |   1982 |   5253 |     78 |  11 | 1286.2 |
        Temple |     92 |     85 |      7 |      0 |     84 |   1 |   92.0 |
       Ossuary |    412 |    412 |      0 |     78 |      0 |   1 |  412.0 |
      Gauntlet |    170 |    170 |      0 |      0 |    153 |   1 |  170.0 |
               +--------+--------+--------+--------+--------+-----+--------+

Top non-repeatable levels by time:
     D:2: 2443 daAuts
     D:5: 1768 daAuts
     D:8: 1741 daAuts
     D:3: 1505 daAuts
     D:1: 1437 daAuts
    D:10: 1335 daAuts
     D:6: 1057 daAuts
     D:7: 1000 daAuts
     D:4: 880 daAuts
     D:9: 762 daAuts
 Ossuary: 412 daAuts
    D:11: 214 daAuts
Gauntlet: 170 daAuts
  Temple: 92 daAuts

Table legend:
 A = Non-vault XP
 B = Vault XP
 C = Vault XP percentage of total XP
 D = Non-vault monster count
 E = Vault monster count
 F = Vault count percentage of total count
                 A         B        C        D         E       F
            +---------+---------+-------+---------+---------+-------
      Total |    9821 |    4145 |  29.7 |     272 |      72 |  20.9
            +---------+---------+-------+---------+---------+-------
        D:1 |      57 |       0 |   0.0 |      31 |       0 |   0.0
        D:2 |      64 |       0 |   0.0 |      29 |       0 |   0.0
        D:3 |     235 |       0 |   0.0 |      38 |       0 |   0.0
        D:4 |     482 |       0 |   0.0 |      20 |       0 |   0.0
        D:5 |     396 |     859 |  68.4 |      18 |      28 |  60.9
        D:6 |     678 |     196 |  22.4 |      19 |       1 |   5.0
        D:7 |    1269 |       0 |   0.0 |      25 |       0 |   0.0
        D:8 |    1120 |     592 |  34.6 |      20 |       5 |  20.0
        D:9 |    1788 |       0 |   0.0 |      34 |       0 |   0.0
       D:10 |    2642 |    2307 |  46.6 |      31 |       1 |   3.1
       D:11 |    1090 |       0 |   0.0 |       7 |       0 |   0.0
    Ossuary |       0 |     191 | 100.0 |       0 |      37 | 100.0
            +---------+---------+-------+---------+---------+-------
